 Dungeon Crawl Stone Soup version 0.16.2-12-gd0ad4c3 (webtiles) character file.

95 SlimeFever the Grave Robber (level 4, 0/30 HPs)
             Began as a Mummy Necromancer on Feb 27, 2016.
             Slain by a jackal (2 damage)
             ... on level 3 of the Dungeon on Feb 28, 2016.
             The game lasted 00:19:35 (1642 turns).

SlimeFever the Grave Robber (Mummy Necromancer)     Turns: 1642, Time: 00:19:36

Health: 0/30       AC:  3    Str: 11    XL:     4   Next: 39%
Magic:  4/8        EV: 12    Int: 15    God:
Gold:   90         SH:  0    Dex: 12    Spells: 3 memorised, 3 levels left

rFire  x . .     SeeInvis .     j - +0 spear
rCold  + . .     Clarity  .     a - +0 robe
rNeg   + + +     SustAb   .     (no shield)
rPois  ∞         Gourm    .     (no helmet)
rElec  .         Spirit   .     l - +0 cloak
rCorr  .         Warding  .     (no gloves)
rMut   .         Stasis   .     (no boots)
MR     .....                    c - amulet of regeneration
Stlth  ++........               (no ring)
                                (no ring)

@: not resistant to hostile enchantments, unstealthy
A: no food or potions, fire vulnerability, restore body, cold resistance 1,
negative energy resistance 3, poison resistance, torment resistance, unbreathing
a: no special abilities


You were on level 3 of the Dungeon.
You were not hungry.

You visited 1 branch of the dungeon, and saw 3 of its levels.

You collected 90 gold pieces.

Inventory:

Hand weapons
 j - a +0 spear (weapon)
 m - a +0 hammer
Missiles
 d - 13 arrows of frost
 i - 20 arrows
Armour
 a - a +0 robe (worn)
 l - a +0 cloak (worn)
Jewellery
 c - an amulet of regeneration (around neck)
Magical devices
 e - a wand of teleportation (0)
 k - a wand of frost (1)
Scrolls
 g - 2 scrolls of identify
 h - a scroll of remove curse
Books
 b - a book of Necromancy

   Spells                             Type                      Level
   a - Pain                           Necromancy                   1
   b - Animate Skeleton               Necromancy                   1
   c - Vampiric Draining              Necromancy                   3
   d - Regeneration                   Charms/Necromancy            3
   e - Animate Dead                   Necromancy                   4
   f - Control Undead                 Necromancy                   4


   Skills:
 - Level 0.4 Maces & Flails
 + Level 1.8 Dodging
 + Level 1.7 Stealth
 + Level 0.1 Unarmed Combat
 + Level 2.8 Spellcasting
 * Level 5.1 Necromancy


You had 3 spell levels left.
You knew the following spells:

 Your Spells              Type           Power        Failure   Level  Hunger
a - Pain                  Necr           ###.         2%          1    N/A
b - Animate Skeleton      Necr           N/A          2%          1    N/A
c - Vampiric Draining     Necr           ###.......   10%         3    N/A

Dungeon Overview and Level Annotations

Branches:
Dungeon (3/15)

Altars:
Makhleb
Okawaru


Innate Abilities, Weirdness & Mutations

You do not eat or drink.
Your flesh is vulnerable to fire.
Your flesh is cold resistant.
You are immune to negative energy.
Your system is resistant to poisons.
You are immune to unholy pain and torment.
You can survive without breathing.


Message History

The jackal bites you. The gnoll misses you.
The orc priest hits you with a trident!
* * * LOW HITPOINT WARNING * * *
Casting: Pain
Confirm with . or Enter, or press ? or * to list all spells.
Aiming: Pain
Press: ? - help, Shift-Dir - straight line, f/p - orc priest
Aim: an orc priest, wielding a trident (heavily wounded, chance 76%)
The orc priest convulses in agony!
The jackal bites you but does no damage. x2
The gnoll hits you from afar with a spear.
* * * LOW HITPOINT WARNING * * *
You hit the orc priest.
The orc priest is severely wounded.
The jackal closely misses you.
The jackal bites you but does no damage.
The orc priest becomes somewhat translucent.
The jackal bites you but does no damage.
The jackal bites you.
You die...

#.##.#..#
#....<#
#.##.#..#
#.....#
#.##.#..#
#######
#....h..#
#.......#
#g##.#.##
#g##.....
#h##o#.#.#
#h@os..#.#
####.#.....
#.# # # .


You could see an orc priest, 2 gnolls, an orc, 2 jackals and a giant cockroach.

Vanquished Creatures
  An adder (D:2)
  A giant mite (D:2)
  3 bats
  A bat zombie (D:3)
  2 giant cockroaches (D:1)
  5 goblins
  3 hobgoblins
  A jackal (D:3)
  9 kobolds
  A ball python (D:1)
  A giant gecko (D:1)
  2 giant newts
  5 rats
35 creatures vanquished.

Vanquished Creatures (collateral kills)
  Crazy Yiuf (D:2)
  Ijyb (D:2)
  An adder (D:2)
  An ooze (D:1)
  A giant cockroach (D:2)
  A kobold (D:1)
6 creatures vanquished.

Vanquished Creatures (others)
  An adder skeleton (D:2)
  2 bat skeletons
  A giant newt skeleton (D:2)
  A goblin skeleton (D:2)
  A rat skeleton (D:2)
6 creatures vanquished.

Grand Total: 47 creatures vanquished

Notes
Turn   | Place    | Note
--------------------------------------------------------------
     0 | D:1      | SlimeFever, the Mummy Necromancer, began the quest for the Orb.
     0 | D:1      | Reached XP level 1. HP: 13/13 MP: 3/3
   346 | D:1      | Reached XP level 2. HP: 8/19 MP: 1/4
   354 | D:1      | Learned a level 1 spell: Animate Skeleton
   749 | D:2      | Reached XP level 3. HP: 13/24 MP: 1/6
   945 | D:2      | Noticed Ijyb
   969 | D:2      | Killed Ijyb
   981 | D:2      | Found an iron altar of Okawaru.
  1194 | D:2      | Found a burning altar of Makhleb.
  1221 | D:2      | Reached XP level 4. HP: 30/30 MP: 6/8
  1269 | D:2      | Reached skill level 5 in Necromancy
  1308 | D:2      | Noticed Crazy Yiuf
  1329 | D:2      | Killed Crazy Yiuf
  1431 | D:2      | Learned a level 3 spell: Vampiric Draining
  1641 | D:3      | HP: 1/30 [gnoll/spear (2)]
  1642 | D:3      | Slain by a jackal

Action                   |  1- 3 |  4- 6 || total
-------------------------+-------+-------++-------
Melee: Club              |    55 |       ||    55
       Unarmed           |     9 |       ||     9
       Spear             |     9 |    33 ||    42
 Cast: Pain              |    38 |     9 ||    47
       Animate Skeleton  |    11 |     4 ||    15
       Vampiric Draining |       |     1 ||     1
  Use: Scroll            |     6 |     2 ||     8
 Stab: Distracted        |     1 |       ||     1
       Sleeping          |     1 |       ||     1
